 Dungeon Crawl Stone Soup version 0.21.1 (webtiles) character file.

65 tidbits the Charmwright (level 4, -2/38 HPs)
             Began as a Gnoll Skald on Feb 2, 2018.
             Slain by a gnoll (5 damage)
             ... on level 2 of the Dungeon.
             The game lasted 00:03:19 (344 turns).

tidbits the Charmwright (Gnoll Skald)                Turns: 344, Time: 00:03:19

Health: -2/38      AC:  3    Str: 13    XL:     4   Next: 14%
Magic:  2/11       EV: 14    Int: 16    God:
Gold:   79         SH:  0    Dex: 15    Spells: 2/13 levels left

rFire    + . .     SeeInvis .   a - +0 hand axe
rCold    + . .     Gourm    .   (no shield)
rNeg     . . .     Faith    .   b - +0 leather armour
rPois    +         Spirit   .   (no helmet)
rElec    +         Reflect  .   (no cloak)
rCorr    +         Harm     .   (no gloves)
MR       .....                  (no boots)
Stlth    ++........             (no amulet)
HPRegen  0.12/turn              (no ring)
MPRegen  0.12/turn              (no ring)

@: resistant, very slightly contaminated
A: distributed training, fangs 1, strong nose
a: no special abilities


You were on level 2 of the Dungeon.
You were not hungry.

You visited 1 branch of the dungeon, and saw 3 of its levels.

You collected 79 gold pieces.

Inventory:

Hand Weapons
 a - a +0 hand axe (weapon)
 f - a +0 dagger
 l - a cursed -2 flail
Armour
 b - a +0 leather armour (worn)
Scrolls
 e - 2 scrolls of random uselessness {unknown}
 i - a scroll of immolation {unknown}
 k - a scroll of teleportation {unknown}
Potions
 h - a potion of heal wounds {unknown}
 j - a potion of brilliance {unknown}
Books
 c - a book of Battle

   Spells                             Type                      Level
   a - Infusion                       Charms                       1
   b - Shroud of Golubria             Charms/Translocation         2
   c - Song of Slaying                Charms                       2
   d - Spectral Weapon                Hexes/Charms                 3
   e - Regeneration                   Charms/Necromancy            3
Comestibles
 d - 2 rations


   Skills:
 + Level 4.6 Fighting
 + Level 1.0 Short Blades
 + Level 1.0 Long Blades
 + Level 4.6 Axes
 + Level 1.0 Maces & Flails
 + Level 1.0 Polearms
 + Level 1.0 Staves
 + Level 1.0 Slings
 + Level 1.0 Bows
 + Level 1.0 Crossbows
 + Level 1.0 Throwing
 + Level 2.7 Armour
 + Level 4.6 Dodging
 + Level 1.0 Stealth
 + Level 1.0 Shields
 + Level 1.0 Unarmed Combat
 + Level 5.0 Spellcasting
 + Level 0.7 Conjurations
 + Level 0.7 Hexes
 + Level 5.4 Charms
 + Level 0.7 Summonings
 + Level 0.7 Necromancy
 + Level 0.7 Translocations
 + Level 0.7 Transmutations
 + Level 0.7 Fire Magic
 + Level 0.7 Ice Magic
 + Level 0.7 Air Magic
 + Level 0.7 Earth Magic
 + Level 0.7 Poison Magic
 + Level 1.1 Invocations
 + Level 1.0 Evocations


You had 2 spell levels left.
You knew the following spells:

 Your Spells              Type           Power        Failure   Level  Hunger
g - Shroud of Golubria    Chrm/Tloc      ##........   9%          2    #......
i - Infusion              Chrm           ###.         1%          1    None
r - Regeneration          Chrm/Necr      ##........   16%         3    ###....
w - Spectral Weapon       Hex/Chrm       ##......     16%         3    ###....
y - Song of Slaying       Chrm           ###.....     3%          2    #......


Dungeon Overview and Level Annotations

Branches:
Dungeon (3/15)

Altars:


Innate Abilities, Weirdness & Mutations

Your experience applies equally to all skills.
You have very sharp teeth.
Your uncanny sense of smell can sniff out nearby items.


Message History

Your Bows skill increases to level 1!
Your Crossbows skill increases to level 1!
Your Throwing skill increases to level 1!
Your Stealth skill increases to level 1!
Your Shields skill increases to level 1!
Your Unarmed Combat skill increases to level 1!
Your Evocations skill increases to level 1!
You see here 6 gold pieces.
You now have 42 gold pieces (gained 6).
You see here 16 gold pieces.
You now have 58 gold pieces (gained 16).
Casting: Spectral Weapon
Confirm with . or Enter, or press ? or * to list all spells.
You miscast Regeneration.
You are very lightly contaminated with residual magic.
Waves of light ripple over your body.
Found 15 gold pieces.
Found 6 gold pieces.
You see here 15 gold pieces.
You now have 73 gold pieces (gained 15).
You see here 6 gold pieces.
You now have 79 gold pieces (gained 6).
Your magical contamination has completely faded away.
A gnoll comes into view. It is wielding a flail.
The gnoll shouts!
You hear a shout!
A gnoll comes into view.
Found a stone staircase leading down.
A bat comes into view.
Casting: Regeneration
Confirm with . or Enter, or press ? or * to list all spells.
You draw out your weapon's spirit!
The bat closely misses you.
You hit the gnoll.
The gnoll is moderately wounded.
Your spectral weapon closely misses the gnoll.
The bat closely misses you. The gnoll hits you but does no damage.
You closely miss the gnoll. You bite the gnoll, but do no damage.
The gnoll is moderately wounded.
You miss the bat. The bat hits you.
Your spectral weapon hits the gnoll.
The bat hits you but does no damage. The gnoll closely misses you.
The bat misses you.
You hit the gnoll.
You kill the gnoll!
You have reached level 4!
You feel agile.
You closely miss the bat. The bat hits you but does no damage.
The bat closely misses you.
You hit the bat.
You kill the bat!
Things that are here:
a flail; a gnoll corpse
l - a flail A gnoll comes into view. It is wielding a flail.
What are your orders? t - Bark!
Orders for allies: a - Attack new target. r - Retreat! s - Stop attacking. g - Guard the area. f - Follow me.
Anything else - Cancel.
You bark for attention!
You hear a shout!
The gnoll misses you.
You barely miss the gnoll.
Your spectral weapon hits the gnoll.
A gnoll comes into view.
You hit the gnoll. You bite the gnoll, but do no damage.
The gnoll is moderately wounded.
You closely miss the gnoll.
Your spectral weapon barely misses the gnoll.
Your spectral weapon hits the gnoll.
The gnoll misses you. The gnoll hits you.
* * * LOW HITPOINT WARNING * * *
Unknown command.
You hit the gnoll but do no damage. Your bite misses the gnoll.
The gnoll is moderately wounded.
You barely miss the gnoll.
Your spectral weapon hits the gnoll!
Your spectral weapon hits the gnoll.
The gnoll hits you but does no damage. The gnoll barely misses you.
You hit the gnoll but do no damage.
The gnoll is severely wounded.
You hit the gnoll.
Your spectral weapon closely misses the gnoll.
Your spectral weapon barely misses the gnoll.
The gnoll closely misses you. The gnoll hits you but does no damage.
You barely miss the gnoll. You bite the gnoll.
The gnoll is almost dead.
You hit the gnoll.
Your spectral weapon fades away.
The gnoll hits you but does no damage. The gnoll barely misses you.
A worm comes into view.
Casting: Spectral Weapon
Confirm with . or Enter, or press ? or * to list all spells.
You miscast Spectral Weapon.
You are very lightly contaminated with residual magic.
Strange energies run through your body. The gnoll hits you.
* * * LOW HITPOINT WARNING * * *
The gnoll hits you with a flail!
* * * LOW HITPOINT WARNING * * *
It was a potion of resistance.
You feel protected. The gnoll hits you.
* * * LOW HITPOINT WARNING * * *
The gnoll hits you.
You die...

......# ## ......# >### .......
... b.....# #.# .w....#
##.###.....# .... ##....†.# ....
...g.. ######g...†### ##...
.....###.....g@...## ....
##........###.g.#...## ###...
#........##...###....### ##.....
#......#....###........###..#...
#..........####.........#†......
#......###...................##.
#...........###...........#####.
#...............................
#......##............##########.


You could see a worm and 3 gnolls.

Vanquished Creatures
  3 adders (D:2)
  A gnoll (D:2)
  2 dart slugs
  A leopard gecko (D:1)
  A giant cockroach (D:2)
  A goblin (D:1)
  A hobgoblin (D:1)
  4 jackals (D:1)
  4 kobolds
  A quokka (D:2)
  2 bats
  2 frilled lizards (D:2)
  3 rats
26 creatures vanquished.

Notes
Turn   | Place    | Note
-------+----------+-------------------------------------------
     0 | D:1      | tidbits the Gnoll Skald began the quest for the Orb.
     0 | D:1      | Reached XP level 1. HP: 20/20 MP: 6/6
    35 | D:1      | Reached XP level 2. HP: 22/26 MP: 0/7
   194 | D:2      | Reached skill level 5 in Spellcasting
   194 | D:2      | Reached XP level 3. HP: 28/31 MP: 0/9
   203 | D:2      | Learned a level 2 spell: Song of Slaying
   206 | D:2      | Learned a level 2 spell: Shroud of Golubria
   210 | D:2      | Learned a level 3 spell: Regeneration
   214 | D:2      | Learned a level 3 spell: Spectral Weapon
   223 | D:2      | Reached skill level 1 in Invocations
   266 | D:2      | Reached skill level 1 in Short Blades
   266 | D:2      | Reached skill level 1 in Long Blades
   266 | D:2      | Reached skill level 1 in Maces & Flails
   266 | D:2      | Reached skill level 1 in Polearms
   266 | D:2      | Reached skill level 1 in Staves
   266 | D:2      | Reached skill level 1 in Slings
   266 | D:2      | Reached skill level 1 in Bows
   266 | D:2      | Reached skill level 1 in Crossbows
   266 | D:2      | Reached skill level 1 in Throwing
   266 | D:2      | Reached skill level 1 in Stealth
   266 | D:2      | Reached skill level 1 in Shields
   266 | D:2      | Reached skill level 1 in Unarmed Combat
   266 | D:2      | Reached skill level 1 in Evocations
   329 | D:2      | Reached XP level 4. HP: 20/38 MP: 3/11
   344 | D:2      | HP: 3/38 [gnoll (2)]
   344 | D:2      | Slain by a gnoll

Skill      XL: |  1  2  3 |
---------------+----------+-----
Spellcasting   | 5 |  5.0
Invocations    | 1 |  1.1
Short Blades   | 1 |  1.0
Long Blades    | 1 |  1.0
Maces & Flails | 1 |  1.0
Polearms       | 1 |  1.0
Staves         | 1 |  1.0
Slings         | 1 |  1.0
Bows           | 1 |  1.0
Crossbows      | 1 |  1.0
Throwing       | 1 |  1.0
Stealth        | 1 |  1.0
Shields        | 1 |  1.0
Unarmed Combat | 1 |  1.0
Evocations     | 1 |  1.0
Fighting       | |  4.6
Axes           | |  4.6
Armour         | |  2.7
Dodging        | |  4.6
Conjurations   | |  0.7
Hexes          | |  0.7
Charms         | |  5.4
Summonings     | |  0.7
Necromancy     | |  0.7
Translocations | |  0.7
Transmutations | |  0.7
Fire Magic     | |  0.7
Ice Magic      | |  0.7
Air Magic      | |  0.7
Earth Magic    | |  0.7
Poison Magic   | |  0.7

Action                   |  1- 3 |  4- 6 || total
-------------------------+-------+-------++-------
Melee: Hand axe          |    58 |     6 ||    64
       Bite              |     8 |     2 ||    10
       Dagger            |     1 |       ||     1
 Cast: Infusion          |     5 |       ||     5
       Spectral Weapon   |     3 |       ||     3
  Use: Potion            |       |     1 ||     1
Armor: Leather armour    |    12 |     3 ||    15
Dodge: Dodged            |    41 |     6 ||    47

Table legend:
 A = Turns spent in this place as a percentage of turns spent in the entire game.
 B = Non-inter-level travel turns spent in this place as a percentage of non-inter-level travel turns spent in the entire game.
 C = Inter-level travel turns spent in this place as a percentage of turns spent in this place.
 D = Turns resting spent in this place as a percentage of non-inter-level travel turns spent in this place.
 E = Turns spent auto-exploring this place as a percentage of non-inter-level travel turns spent in this place.
 F = Non-inter-level travel turns spent in this place divided by the number of levels of this place that you've seen.
                   A       B       C       D       E      F
               +-------+-------+-------+-------+-------+----------------------
         Total | 100.0 | 100.0 |   6.1 |   0.0 |   0.0 | 107.7
       Dungeon | 100.0 | 100.0 |   6.1 |   0.0 |   0.0 | 107.7
               +-------+-------+-------+-------+-------+----------------------

Table legend:
 A = Kills in this place as a percentage of kills in entire the game.
 B = Kills by you in this place as a percentage of kills by you in the entire game.
 C = Kills by friends in this place as a percentage of kills by friends in the entire game.
 D = Other kills in this place as a percentage of other kills in the entire game.
 E = Experience gained in this place as a percentage of experience gained in the entire game.
 F = Experience gained in this place divided by the number of levels of this place that you have seen.
                   A       B       C       D       E      F
               +-------+-------+-------+-------+-------+----------------------
         Total | 100.0 | 100.0 |   N/A |   N/A | 100.0 |  31.3
       Dungeon | 100.0 | 100.0 |   N/A |   N/A | 100.0 |  31.3
               +-------+-------+-------+-------+-------+----------------------

Vault maps used:
D:1:      tarquinn_simple_flora_water_a
D:3:      cheibrodos_greedy_goblins, serial_glass, glass_columns_b,
          glass_columns_a
